SA
LOUISIANA DRAGOONS @ NIAGARA FALLS EXPOS
08/16/2026
 
TOP OF THE 1ST
Louisiana Dragoons batting - Pitching for Niagara Falls Expos : LHP Sergio Zamora
Pitching: LHP Sergio Zamora
Batting: RHB Kevin Johnson 0-0: Ball
1-0: Ball
2-0: Ball
3-0: Called Strike
3-1: Base on Balls
Batting: RHB Jeremy Boyter 0-0: Called Strike
Kevin Johnson steals 2nd base
0-1: Fly out, F9 (Flyball, 9)
Batting: RHB Scott Robertson 0-0: Called Strike
0-1: Ball
1-1: Called Strike
1-2: DOUBLE (Line Drive, 7LM)
Kevin Johnson scores
Batting: LHB Guillermo Arellano 0-0: Swinging Strike
0-1: Swinging Strike
0-2: Strikes out swinging
Batting: RHB Giuseppe Provolone 0-0: Ball
1-0: Ball
2-0: Fly out, F6 (Line Drive, 6)
Top of the 1st over - 1 run(s), 1 hit(s), 0 error(s), 1 left on base; Louisiana 1 - Niagara Falls 0
BOTTOM OF THE 1ST
Niagara Falls Expos batting - Pitching for Louisiana Dragoons : RHP Paul Addison
Pitching: RHP Paul Addison
Batting: RHB Roberto Camacho 0-0: Ball
1-0: Ball
2-0: Called Strike
2-1: Ball
3-1: Called Strike
3-2: Foul Ball, location: 2F
3-2: Strikes out swinging
Batting: LHB Mark Armstead 0-0: Fly out, F7 (Flyball, 78M)
Batting: RHB Edgardo Castro 0-0: Ball
1-0: Fly out, F9 (Flyball, 9S)
Bottom of the 1st over - 0 run(s), 0 hit(s), 0 error(s), 0 left on base; Louisiana 1 - Niagara Falls 0
TOP OF THE 2ND
Louisiana Dragoons batting - Pitching for Niagara Falls Expos : LHP Sergio Zamora
Batting: RHB Domingo Colón 0-0: Foul Ball, location: 2F
0-1: Ball
1-1: Foul Ball, location: 2F
1-2: Strikes out swinging
Batting: RHB Jody Bennett 0-0: Called Strike
0-1: Ball
1-1: Swinging Strike
1-2: Strikes out swinging
Batting: RHB Emmanuele Lucchetti 0-0: Swinging Strike
0-1: Ball
1-1: Ground out 6-3 (Groundball, 6S)
Top of the 2nd over - 0 run(s), 0 hit(s), 0 error(s), 0 left on base; Louisiana 1 - Niagara Falls 0
BOTTOM OF THE 2ND
Niagara Falls Expos batting - Pitching for Louisiana Dragoons : RHP Paul Addison
Batting: LHB Pancho Farías 0-0: Swinging Strike
0-1: Ball
1-1: Foul Ball, location: 2F
1-2: Ball
2-2: Ball
3-2: Foul Ball, location: 2F
3-2: Strikes out looking
Batting: RHB Mario Germán 0-0: Swinging Strike
0-1: Ball
1-1: Fly out, F6 (Line Drive, 6)
Batting: LHB Carlos Germán 0-0: Ball
1-0: Ball
2-0: Called Strike
2-1: Ground out 4-3 (Groundball, 4M)
Bottom of the 2nd over - 0 run(s), 0 hit(s), 0 error(s), 0 left on base; Louisiana 1 - Niagara Falls 0
TOP OF THE 3RD
Louisiana Dragoons batting - Pitching for Niagara Falls Expos : LHP Sergio Zamora
Batting: RHB Felipe Palazzola 0-0: Ground out 6-3 (Groundball, 6)
Batting: RHB Kevin Johnson 0-0: Ball
1-0: Fly out, F8 (Flyball, 8RD)
Batting: RHB Jeremy Boyter 0-0: Called Strike
0-1: Ball
1-1: Ball
2-1: Ball
3-1: Ground out 6-3 (Groundball, 56)
Top of the 3rd over - 0 run(s), 0 hit(s), 0 error(s), 0 left on base; Louisiana 1 - Niagara Falls 0
BOTTOM OF THE 3RD
Niagara Falls Expos batting - Pitching for Louisiana Dragoons : RHP Paul Addison
Batting: RHB Damien Medforth 0-0: Ball
1-0: Ball
2-0: Foul Ball, location: 2F
2-1: Foul Ball, location: 2F
2-2: Foul Ball, location: 2F
2-2: Ball
3-2: Strikes out swinging
Batting: RHB Hou Kong 0-0: Fly out, F9 (Flyball, 9S)
Batting: RHB Jim Unknown 0-0: Swinging Strike
0-1: Ball
1-1: Ball
2-1: Ball
3-1: Foul Ball, location: 2F
3-2: Foul Ball, location: 2F
3-2: Fly out, F2 (Popup, 3S)
Bottom of the 3rd over - 0 run(s), 0 hit(s), 0 error(s), 0 left on base; Louisiana 1 - Niagara Falls 0
TOP OF THE 4TH
Louisiana Dragoons batting - Pitching for Niagara Falls Expos : LHP Sergio Zamora
Batting: RHB Scott Robertson 0-0: Called Strike
0-1: Ball
1-1: SINGLE (Line Drive, 7S)
Batting: LHB Guillermo Arellano 0-0: Foul Ball, location: 2F
0-1: Swinging Strike
0-2: Strikes out looking
Batting: RHB Giuseppe Provolone 0-0: Swinging Strike
0-1: Swinging Strike
0-2: Strikes out looking
Batting: RHB Domingo Colón 0-0: Ball
1-0: Swinging Strike
1-1: Foul Ball, location: 2F
1-2: Foul Ball, location: 2F
1-2: Ground out 3-1 (Groundball, 34S)
Top of the 4th over - 0 run(s), 1 hit(s), 0 error(s), 1 left on base; Louisiana 1 - Niagara Falls 0
BOTTOM OF THE 4TH
Niagara Falls Expos batting - Pitching for Louisiana Dragoons : RHP Paul Addison
Batting: RHB Roberto Camacho 0-0: Swinging Strike
0-1: Ball
1-1: Called Strike
1-2: Strikes out looking
Batting: LHB Mark Armstead 0-0: Swinging Strike
0-1: Ball
1-1: Ball
2-1: Foul Ball, location: 2F
2-2: Ball
3-2: Foul Ball, location: 2F
3-2: Fly out, F9 (Flyball, 9)
Batting: RHB Edgardo Castro 0-0: Foul Ball, location: 2F
0-1: Ball
1-1: Called Strike
1-2: Ball
2-2: Ground out 6-3 (Groundball, 6)
Bottom of the 4th over - 0 run(s), 0 hit(s), 0 error(s), 0 left on base; Louisiana 1 - Niagara Falls 0
TOP OF THE 5TH
Louisiana Dragoons batting - Pitching for Niagara Falls Expos : LHP Sergio Zamora
Batting: RHB Jody Bennett 0-0: Ball
1-0: Foul Ball, location: 2F
1-1: Swinging Strike
1-2: Strikes out swinging, 2-3 out at first.
Batting: RHB Emmanuele Lucchetti 0-0: Foul Ball, location: 2F
0-1: Ground out 6-3 (Groundball, 56)
Batting: RHB Felipe Palazzola 0-0: Ball
1-0: Called Strike
1-1: SINGLE (Groundball, 4D)
Batting: RHB Kevin Johnson 0-0: Foul Ball, location: 2F
0-1: Ball
1-1: Ball
2-1: Ball
3-1: Foul Ball, location: 2F
3-2: Ground out 5-3 (Groundball, 56)
Top of the 5th over - 0 run(s), 1 hit(s), 0 error(s), 1 left on base; Louisiana 1 - Niagara Falls 0
BOTTOM OF THE 5TH
Niagara Falls Expos batting - Pitching for Louisiana Dragoons : RHP Paul Addison
Batting: LHB Pancho Farías 0-0: Called Strike
0-1: Ball
1-1: Ground out 4-3 (Groundball, 4)
Batting: RHB Mario Germán 0-0: Ball
1-0: Ball
2-0: Called Strike
2-1: Foul Ball, location: 2F
2-2: SINGLE (Line Drive, 56D)
Batting: LHB Carlos Germán 0-0: Ground out 4-3 (Groundball, 34)
Mario Germán to second
Batting: RHB Damien Medforth 0-0: Called Strike
0-1: Called Strike
0-2: Strikes out swinging
Bottom of the 5th over - 0 run(s), 1 hit(s), 0 error(s), 1 left on base; Louisiana 1 - Niagara Falls 0
TOP OF THE 6TH
Louisiana Dragoons batting - Pitching for Niagara Falls Expos : LHP Sergio Zamora
Batting: RHB Jeremy Boyter 0-0: Foul Ball, location: 2F
0-1: Swinging Strike
0-2: Ball
1-2: Foul Ball, location: 2F
1-2: Strikes out looking
Batting: RHB Scott Robertson 0-0: Called Strike
0-1: Foul Ball, location: 2F
0-2: Ball
1-2: Foul Ball, location: 2F
1-2: Ball
2-2: SINGLE (Groundball, 56D)
Batting: LHB Guillermo Arellano 0-0: Ball
1-0: Called Strike
1-1: Called Strike
1-2: Strikes out swinging
Batting: RHB Giuseppe Provolone 0-0: Ball
1-0: Foul Ball, location: 2F
1-1: Ball
2-1: Fielders Choice at 2nd, 6-4 (Groundball, 6)
Top of the 6th over - 0 run(s), 1 hit(s), 0 error(s), 0 left on base; Louisiana 1 - Niagara Falls 0
BOTTOM OF THE 6TH
Niagara Falls Expos batting - Pitching for Louisiana Dragoons : RHP Paul Addison
Batting: RHB Hou Kong 0-0: Ball
1-0: Called Strike
1-1: Swinging Strike
1-2: Ground out 6-3 (Groundball, 6)
Batting: RHB Jim Unknown 0-0: Ball
1-0: SINGLE (Groundball, 6MD)
Batting: RHB Roberto Camacho 0-0: Ground out 5-3 (Groundball, 56S)
Jim Unknown to second
Batting: LHB Mark Armstead 0-0: Called Strike
0-1: Ball
1-1: Called Strike
1-2: Ball
2-2: Strikes out swinging
Bottom of the 6th over - 0 run(s), 1 hit(s), 0 error(s), 1 left on base; Louisiana 1 - Niagara Falls 0
TOP OF THE 7TH
Louisiana Dragoons batting - Pitching for Niagara Falls Expos : LHP Sergio Zamora
Batting: RHB Domingo Colón 0-0: Fly out, F9 (Line Drive, 89S)
Batting: RHB Jody Bennett 0-0: Ball
1-0: Ball
2-0: Called Strike
2-1: Ball
3-1: Base on Balls
Batting: RHB Emmanuele Lucchetti 0-0: Ball
1-0: Called Strike
1-1: Grounds into double play, 6-4-3 (Groundball, 6)
Top of the 7th over - 0 run(s), 0 hit(s), 0 error(s), 0 left on base; Louisiana 1 - Niagara Falls 0
BOTTOM OF THE 7TH
Niagara Falls Expos batting - Pitching for Louisiana Dragoons : RHP Paul Addison
Batting: RHB Edgardo Castro 0-0: Foul Ball, location: 2F
0-1: Fly out, F9 (Flyball, 9)
Batting: LHB Pancho Farías 0-0: Called Strike
0-1: Ground out U3 (Groundball, 34)
Batting: RHB Mario Germán 0-0: Swinging Strike
0-1: Swinging Strike
0-2: Ball
1-2: Strikes out swinging
Bottom of the 7th over - 0 run(s), 0 hit(s), 0 error(s), 0 left on base; Louisiana 1 - Niagara Falls 0
TOP OF THE 8TH
Louisiana Dragoons batting - Pitching for Niagara Falls Expos : LHP Sergio Zamora
Batting: RHB Felipe Palazzola 0-0: Foul Ball, location: 2F
0-1: SINGLE (Line Drive, 89S)
Batting: RHB Kevin Johnson 0-0: Ball
1-0: Called Strike
1-1: Ball
2-1: Sac Bunt - play at first, batter safe!
Felipe Palazzola to second
Batting: RHB Jeremy Boyter 0-0: Sac Bunt - play at first, batter OUT! 3-4
Felipe Palazzola to third
Kevin Johnson to second
Batting: RHB Scott Robertson 0-0: Intentional Walk
Batting: LHB Guillermo Arellano 0-0: Swinging Strike
0-1: Called Strike
0-2: SINGLE (Groundball, 56D)
Felipe Palazzola scores
Kevin Johnson to third
Scott Robertson to second
Runner from 3rd tries for Home, SAFE, no throw
Pitching: LHP Washington Scarpenti
Batting: RHB Giuseppe Provolone 0-0: Called Strike
0-1: Ball
1-1: Foul Ball, location: 2F
1-2: Grounds into double play, 5-4-3 (Groundball, 5)
Top of the 8th over - 2 run(s), 3 hit(s), 0 error(s), 1 left on base; Louisiana 3 - Niagara Falls 0
BOTTOM OF THE 8TH
Niagara Falls Expos batting - Pitching for Louisiana Dragoons : RHP Paul Addison
Batting: LHB Carlos Germán 0-0: Called Strike
0-1: Ball
1-1: Ball
2-1: Swinging Strike
2-2: Fly out, F8 (Flyball, 78S)
Pitching: RHP Aaron Chapman
Batting: RHB Damien Medforth 0-0: Called Strike
0-1: Foul Ball, location: 2F
0-2: Ball
1-2: Foul Ball, location: 2F
1-2: Fly out, F5 (Popup, 5D)
Batting: RHB Hou Kong 0-0: Foul Ball, location: 2F
0-1: Swinging Strike
0-2: Strikes out swinging
Bottom of the 8th over - 0 run(s), 0 hit(s), 0 error(s), 0 left on base; Louisiana 3 - Niagara Falls 0
TOP OF THE 9TH
Louisiana Dragoons batting - Pitching for Niagara Falls Expos : LHP Washington Scarpenti
Batting: RHB Domingo Colón 0-0: Called Strike
0-1: Called Strike
0-2: Foul Ball, location: 2F
0-2: Ball
1-2: SINGLE (Line Drive, 8LS)
Batting: RHB Jody Bennett 0-0: Sac Bunt - play at first, batter safe!
Domingo Colón to second
Batting: RHB Emmanuele Lucchetti 0-0: Sac Bunt - play at first, batter OUT! 2-3
Domingo Colón to third
Jody Bennett to second
Batting: RHB Felipe Palazzola 0-0: Called Strike
0-1: Swinging Strike
0-2: Strikes out swinging
Batting: RHB Kevin Johnson 0-0: Ball
1-0: SINGLE (Groundball, 15S) (infield hit)
Domingo Colón scores
Jody Bennett to third
Batting: RHB Jeremy Boyter 0-0: SINGLE (Line Drive, 78S)
Jody Bennett scores
Kevin Johnson to second
Batting: RHB Scott Robertson 0-0: Ball
1-0: Ball
2-0: Ball
3-0: Base on Balls
Kevin Johnson to third
Jeremy Boyter to second
Batting: LHB Guillermo Arellano 0-0: Fly out, F7 (Flyball, 7S)
Top of the 9th over - 2 run(s), 4 hit(s), 0 error(s), 3 left on base; Louisiana 5 - Niagara Falls 0
BOTTOM OF THE 9TH
Niagara Falls Expos batting - Pitching for Louisiana Dragoons : RHP Aaron Chapman
Now at 1B: Miklas Boerboom
Now at 2B: Armando Carmona
Batting: RHB Jim Unknown 0-0: Swinging Strike
0-1: Ball
1-1: Ball
2-1: SINGLE (Line Drive, 4M)
Batting: RHB Roberto Camacho 0-0: Ball
1-0: Ball
2-0: Foul Ball, location: 2F
2-1: Ball
3-1: Called Strike
3-2: SINGLE (Flyball, 89S)
Jim Unknown to second
Runner from 2nd tries for 3rd, SAFE, throw made to third
Batting: LHB Mark Armstead 0-0: Ball
1-0: Ball
2-0: Ground out 5-3 (Groundball, 5S)
Jim Unknown scores
Roberto Camacho to second
Batting: RHB Edgardo Castro 0-0: Ball
1-0: Called Strike
1-1: Foul Ball, location: 2F
1-2: DOUBLE (Line Drive, 7LM)
Roberto Camacho scores
Pitching: RHP Brian Krick
Batting: LHB Pancho Farías 0-0: Ball
1-0: Ball
2-0: Foul Ball, location: 2F
2-1: Called Strike
2-2: Foul Ball, location: 2F
2-2: Foul Ball, location: 2F
2-2: Strikes out swinging
Batting: RHB Mario Germán 0-0: Called Strike
0-1: Ball
1-1: Ball
2-1: Foul Ball, location: 2F
2-2: Ball
3-2: Fly out, F9 (Flyball, 89S)
Bottom of the 9th over - 2 run(s), 3 hit(s), 0 error(s), 1 left on base; Louisiana 5 - Niagara Falls 2
Monday, March 20th, 2017 - OOTP Baseball 17.12 Build 75